[Event "1000 GM Labor Day Super Swiss 2024"]
[Site "San Jose"]
[Date "2024.09.01"]
[Round "4.12"]
[White "Kiewra, Keaton"]
[Black "Wu, Derek"]
[Result "0-1"]
[Annotator "TA"]
[ECO "C77"]
[WhiteElo "2287"]
[BlackElo "2278"]
[PlyCount "144"]
[EventDate "2024.08.30"]
[EventType "swiss"]
[EventCountry "USA"]
[SourceTitle "playchess.com"]
[Source "ChessBase"]
[SourceQuality "1"]
[TimeControl "5400+30"]

1. e4 e5 2. Nf3 Nc6 3. Bb5 a6 4. Ba4 Nf6 5. Bxc6 dxc6 6. d3 Bd6 7. Nbd2 Be6 8. b3 Nd7 9. Nc4 Bxc4 10. bxc4 {[%emt 0:00:36] The position is equal.} Qe7 11. O-O O-O-O (11... O-O $11) 12. Bd2 f6 13. a4 g5 14. Qb1 Kb8 15. Ra2 Ka8 16. Rb2 Rb8 17. c3 Qe6 (17... Bc5 $15) 18. Be3 $11 h5 19. Nd2 c5 20. Rb3 Be7 21. Qb2 Qc6 22. Rb1 Rhd8 23. Rb5 Nf8 $17 (23... axb5 $2 24. axb5 $18) 24. Qc2 Ne6 (24... axb5 $2 25. axb5 $18) 25. Nb3 b6 {[%emt 0:06:01][%cal Oc6d7] Prevents Na5} (25... axb5 $2 26. axb5 $18) 26. Nc1 Kb7 {[%emt 0:01:56] Black is more active.} (26... axb5 $2 27. axb5 Kb7 28. bxc6+ $18) 27. R5b2 a5 $1 28. Rb5 Kc8 29. Qe2 Ng7 30. Nb3 Ra8 31. Rd1 (31. d4 {seems wilder.} exd4 32. cxd4 Qxe4 33. Nd2) 31... Rd7 (31... Ne8 $11 {feels stronger.}) 32. h3 Kd8 (32... Ra6 $14) 33. d4 $16 cxd4 (33... Ke8 $16) 34. cxd4 $18 exd4 (34... Qxe4 35. dxe5 Rxd1+ 36. Qxd1+ Kc8 37. Nd2 (37. exf6 Bxf6 38. Bxb6 Rb8 $18)) 35. Rxd4 {[%emt 0:00:46] Strongly threatening e5.} Rxd4 36. Bxd4 {[%emt 0:00:11] aiming for c5.} Ne6 37. c5 (37. Qxh5 Nxd4 38. Rd5+ (38. Nxd4 Qxe4 39. Rd5+ Bd6 $14) 38... Kc8 39. Nxd4 Qxc4) (37. e5 $142 Nf4 38. Qf1) 37... bxc5 $16 38. Bc3 (38. Nxa5 $2 Rxa5 39. Rxa5 cxd4 $19 (39... Nxd4 $2 40. Qxh5 Kd7 41. Qg6 $19)) 38... Nf4 39. Qc4 ({White should try} 39. Qc2 $16) 39... Qe6 $11 40. Qxe6 Nxe6 41. Rxa5 Rb8 42. Rb5 Rxb5 43. axb5 {[%emt 0:00:02][%mdl 4096] Endgame. KBN-KBN} Kd7 44. Kf1 Kd6 45. Na5 Nf4 46. Nc4+ Ke6 47. h4 gxh4 48. Bd2 Ng6 49. Ke2 Ne5 50. Ne3 {[%emt 0:00:04][%mdl 1024] White has compensation.} Bd8 51. f4 Nf7 52. Kd3 Nd6 {[%emt 0:00:13] Dodges Nf5} 53. f5+ Kd7 54. Nc4 Nxb5 55. Bh6 Nd6 56. Bf8 {[%emt 0:00:36] [#]} (56. Nxd6 $11 {remains equal.} Kxd6 (56... cxd6 57. Bd2 $11) 57. Bf4+ Kd7 58. Bd2) 56... Be7 $1 $17 57. Bh6 {[%emt 0:00:10] [#]} Kc6 (57... Nf7 $1 $17 58. Be3 Ng5) 58. Bg7 (58. Bd2 $11) 58... Kb5 (58... Nxc4 $142 59. Kxc4 Kd6) 59. Ne3 $2 (59. Nd2) 59... c4+ $19 60. Kd4 Ne8 {[%emt 0:00:14] Hoping for ...Bc5+.} (60... c3 61. Kxc3 Nxe4+ 62. Kd4 $19) 61. Bh6 Bc5+ 62. Kd5 Nd6 {[%emt 0:00:30] Threatens to win with ...c6+.} 63. e5 fxe5 64. Ke6 {[%emt 0:01:22] Dodges Nf7} Bxe3 65. Bxe3 {[%emt 0:00:06] KB-KN} e4 {[%emt 0:00:43] ...c3 would now be deadly.} 66. f6 c3 67. Kd5 c2 68. Bc1 Kb4 69. Kc6 Kc3 (69... Kc4 $142 70. Kd7 Kd3 71. Bf4 e3 72. Bxd6 c1=Q (72... c1=B 73. f7 $11) 73. f7 e2 (73... cxd6 $2 74. f8=Q $19) 74. f8=Q e1=Q (74... e1=R $2 75. Bxc7 Qd1 76. Bb6 $19) 75. Bh2 Qe4 76. Qf6 c5 (76... Qxg2 $2 77. Qf5+ Qe4 78. Qf6 $19) 77. Kc7 c4 (77... Qxg2 78. Qd6+ Ke2 79. Qe6+ Kf1 80. Qf5+ Qf2 81. Qh3+ Ke2 82. Qe6+ Qce3 83. Qa2+ Kf1 84. Qxf2+ Qxf2 85. Be5 h3 86. Bd6 h2 87. Bxh2 Qxh2+ 88. Kc8 Qd6 89. Kb7 c4 90. Ka8 c3 91. Ka7 c2 92. Kb7 c1=Q 93. Ka8 Qcc6+ 94. Ka7 Qdc7#) 78. Qb6 c3 (78... Qxg2 $2 79. Be5 $19) 79. g3 Qd2 80. Kc8 c2 (80... Qxh2 {is a self mate.} 81. Qd8+ Kc2 82. Qg8 Qa8+ 83. Kc7 Qxg8 84. Kd7 Qd2+ 85. Kc7 Qc4+ 86. Kb7 Qd7+ 87. Kb8 Qg8#) 81. Bg1 Qe8+ (81... c1=B 82. Qc5 hxg3 83. Bd4 Qe6+ 84. Kd8 Ke4 85. Kc7 Qxd4 86. Qxd4+ Kxd4 87. Kb8 g2 88. Kc7 g1=Q 89. Kb7 Qg7+ 90. Kb8 Qeg8#) 82. Qd8+ Qxd8+ 83. Kxd8 c1=Q (83... c1=B {leads to mate.} 84. Bb6 Ke4+ 85. Kc8 Qc3+ 86. Bc7 Kd5 87. Kd8 Qc6 88. Kc8 Qa6+ 89. Kb8 Kc6 90. gxh4 Qb7#) 84. gxh4 Qa5+ (84... Qxg1 85. Ke8 Qe2+ 86. Kf7 Qe5 87. Kf8 Qgg7#) 85. Ke8 Qe5+ (85... Qxg1 86. Kd7 Qg7+ 87. Kd6 Qf6+ 88. Kd7 Qad8#) 86. Kf7 Qcc7+ 87. Kg8 Qeg7#) 70. Bf4 Kd3 {[%emt 0:00:14] Black mates.} 71. Kd7 Nf7 72. Ke7 e3 {[%emt 0:00:18] What a bad dream for White.   Weighted Error Value: White=0.34/Black=0.24 (precise) .  Loses game:     	White=1     	---        Mistake:       	White=5     	Black=7      Inaccurate:     	White=7     	Black=5      OK:         	White=18    	Black=19     Best:        	White=2     	Black=4      Strong:       	---       	Black=2} 0-1

[Event "1000 GM Labor Day Super Swiss 2024"]
[Site "San Jose"]
[Date "2024.09.01"]
[Round "4.13"]
[White "Bansal, Advay"]
[Black "Champsi, Imran"]
[Result "1-0"]
[Annotator "TA"]
[ECO "B76"]
[WhiteElo "2234"]
[BlackElo "2012"]
[PlyCount "115"]
[EventDate "2024.08.30"]
[EventType "swiss"]
[EventCountry "USA"]
[SourceTitle "playchess.com"]
[Source "ChessBase"]
[SourceQuality "1"]
[TimeControl "5400+30"]

1. e4 c5 2. Nf3 d6 3. d4 cxd4 4. Nxd4 Nf6 5. Nc3 g6 6. f3 Bg7 7. Be3 O-O 8. Qd2 Nc6 9. O-O-O d5 10. exd5 Nxd5 11. Nxc6 bxc6 12. Bd4 e5 13. Bc5 Be6 14. Ne4 Re8 15. Bc4 Qc7 16. h4 {[%emt 0:16:11] White wants to play h5.} Rad8 17. Qf2 Nb6 (17... Nf4 $11 {keeps the balance.} 18. Bb3 Bxb3 19. axb3 f5) 18. Bb3 {[%emt 0:06:01] White is more active.} (18. Bxe6 $16 Rxe6 19. g4) 18... Bxb3 $11 19. axb3 Nd5 (19... f5 $11 20. Rxd8 Qxd8) 20. g4 $14 (20. Bxa7 $2 Qa5 21. c3 (21. Kb1 $2 Ra8 $19) 21... f5 $19) 20... f5 21. gxf5 gxf5 22. Ng3 Qa5 23. Kb1 $1 (23. Nxf5 $2 Ne3 (23... Qa1+ $2 24. Kd2 $19) 24. Rxd8 (24. Nxe3 $2 Qa1#) (24. Ne7+ $2 Kh8 $19) 24... Qa1+ (24... Nxf5 $2 25. Rxe8+ Kf7 26. Rd1 $18) 25. Kd2 Rxd8+ 26. Bd6 Qxh1 $19) 23... e4 ({Black should try} 23... Bf8 $14 24. Bxf8 (24. Bxa7 $2 Nb4 $19) 24... Rxf8) 24. Nxf5 $16 (24. Bxa7 $2 Nc3+ (24... e3 $2 25. Rxd5 Rxd5 26. Qe2 $19) 25. bxc3 Bxc3 26. Rxd8 Qa1#) 24... Nb4 25. Bxb4 Qxf5 26. Rxd8 Rxd8 27. Rf1 Qf4 (27... exf3 $16 28. Qg3 (28. Qxa7 h5 $16) (28. Qxf3 Qxf3 29. Rxf3 Rd4 $16) 28... Qe5 29. Qxe5 (29. Qxf3 $2 Qxb2#) 29... Bxe5 30. Rxf3 Rd1+ 31. Ka2 Rh1) 28. Qxa7 (28. fxe4 $2 Rd1+ 29. Rxd1 Qxf2 30. Rd8+ Kf7 31. Rd7+ Kg6 (31... Kg8 $2 32. Rd8+ Kf7 33. Rd7+ Kg6 34. h5+ Kh6 35. Bd2+ Kxh5 36. Rxg7 $19) 32. Rd6+ Kh5 $19) 28... exf3 29. Rg1 (29. Qe7 $142 Rb8 (29... Bf6 30. Rg1+) 30. Bc3 Bxc3 31. bxc3) 29... Qd4 30. Qxd4 Rxd4 {[%emt 0:00:01][%mdl 4096] Endgame. KRB-KRB} 31. Bc3 Rd7 32. Bxg7 $1 Rxg7 {[%emt 0:00:06] KR-KR} 33. Rf1 Rg3 34. Kc1 Kg7 35. Kd2 Rg2+ (35... Rh3 $142) 36. Kd3 $1 Rg4 37. Rxf3 Rxh4 {[%emt 0:00:01] [#]} 38. Rf5 $1 Rh6 (38... Rb4 $16 {was worth a try.} 39. Rc5 Rb6) 39. c4 Rh3+ 40. Kc2 {[%emt 0:00:10] b4 would now be deadly.} Re3 $2 (40... h5 $16 {is a better chance.} 41. Rg5+ Kf7) 41. b4 $18 Kg6 (41... Re8 $142 42. Rg5+ Kf7) 42. Rc5 Re6 43. b5 cxb5 44. Rxb5 (44. cxb5 $18 h5 45. Kb3) 44... h5 $16 45. c5 {[%emt 0:01:47] Threatens to win with Rb6.} h4 46. Rb3 {[%emt 0:00:37] And now Rh3 would win.} Kf5 (46... Rc6 $16 {might work better.}) 47. Rc3 (47. Rh3 $18 Kg4 48. Rh1) 47... Ke5 $2 {[%emt 0:00:40][%mdl 8192] [#]} (47... Re8 $14) 48. c6 $1 {[%emt 0:01:45] White mates.} h3 49. c7 (49. Rxh3 Rxc6+ 50. Kb1 Kd4 $11) 49... h2 50. c8=Q (50. c8=R h1=Q (50... h1=R 51. b4 $14) 51. Re3+ Kd6 52. Rxe6+ Kxe6 $19) 50... h1=Q {[%emt 0:00:03] KQR-KQR} 51. Re3+ Kd4 52. Qc3+ Kd5 53. Qd3+ Kc5 54. Rxe6 Qh2+ 55. Re2 Qh5 56. Qc3+ Kb5 57. Re5+ Ka4 58. Qa5# {[%emt 0:00:09] Weighted Error Value: White=0.31/Black=0.40.  Loses game:     	---       	Black=2      Mistake:       	White=3     	Black=8      OK:         	White=12    	Black=10     Best:        	White=4     	Black=5      Strong:       	White=5     	---} 1-0

[Event "1000 GM Labor Day Super Swiss 2024"]
[Site "San Jose"]
[Date "2024.09.01"]
[Round "4.14"]
[White "Guo, Ethan"]
[Black "Piasetski, Leon"]
[Result "1/2-1/2"]
[Annotator "TA"]
[ECO "C10"]
[WhiteElo "2211"]
[BlackElo "2167"]
[PlyCount "36"]
[EventDate "2024.08.30"]
[EventType "swiss"]
[EventCountry "USA"]
[SourceTitle "playchess.com"]
[Source "ChessBase"]
[SourceQuality "1"]
[TimeControl "5400+30"]

1. e4 e6 2. d4 d5 3. Nd2 dxe4 4. Nxe4 Nd7 5. Nf3 Ngf6 6. Nxf6+ Nxf6 7. g3 b6 8. Bb5+ Bd7 9. Be2 Bd6 10. O-O O-O 11. Ne5 Bxe5 12. dxe5 Nd5 13. c4 Ne7 14. b3 Bc6 15. Qxd8 Rfxd8 16. Bg5 Kf8 17. Rfd1 h6 18. Bxe7+ Kxe7 {[%emt 0:00:07] Weighted Error Value: White=0.07 (flawless) /Black=0.02 (flawless) .  Inaccurate:     	White=1     	---        OK:         	White=6     	Black=5      Best:        	---       	Black=1} 1/2-1/2

[Event "1000 GM Labor Day Super Swiss 2024"]
[Site "San Jose"]
[Date "2024.09.01"]
[Round "4.15"]
[White "Deng, Henry"]
[Black "Gui, Suyuan"]
[Result "1-0"]
[Annotator "TA"]
[ECO "B18"]
[WhiteElo "2338"]
[BlackElo "2033"]
[PlyCount "116"]
[EventDate "2024.08.30"]
[EventType "swiss"]
[EventCountry "USA"]
[SourceTitle "playchess.com"]
[Source "ChessBase"]
[SourceQuality "1"]
[TimeControl "5400+30"]

1. e4 c6 2. d4 d5 3. Nd2 dxe4 4. Nxe4 Bf5 5. Qf3 e6 6. Ne2 Nd7 7. N2g3 Bxe4 8. Nxe4 {[%emt 0:00:57] White is slightly better.} Ndf6 9. c3 Nxe4 10. Qxe4 Nf6 11. Qf3 Qd5 12. Be2 Be7 13. O-O Qxf3 14. Bxf3 O-O 15. Be3 Nd5 16. Bd2 Rfd8 17. Rfd1 Bf6 18. Kf1 e5 19. dxe5 Bxe5 20. g3 Nb6 21. Be2 Bf6 22. Rac1 Rd7 23. Bg4 Rdd8 24. b3 g6 25. c4 h5 26. Bf3 Nd7 (26... a5 $11 {keeps the balance.}) 27. Ba5 $16 {[%emt 0:01:37] A strong pair of Bishops.} Nb6 28. c5 Rxd1+ 29. Rxd1 Nc8 {[%emt 0:01:15] [#] This costs Black the game.} (29... Nd5 $16 30. Bxd5 cxd5) 30. Rd7 $18 Be7 31. Rxb7 Bxc5 32. Bxc6 Nb6 33. Rc7 (33. Bf3 $142 {Threatens to win with Rc7.} h4 34. gxh4) 33... Rd8 $2 (33... Bd6) 34. Bf3 Bd4 35. Rxa7 Rc8 36. Re7 ({Much less strong is} 36. Rb7 Rc2 37. Be2 (37. Bxb6 Rxf2+ 38. Ke1 Bxb6 $18) (37. Rb8+ Kg7 $18) 37... Nc8 $18) 36... Rc1+ 37. Re1 Rc2 38. Re2 Rc1+ 39. Kg2 Nc8 40. Bd2 Rc7 41. Bf4 Rc3 42. Rd2 Bb6 43. Be5 Rc1 44. Bb2 Re1 45. Re2 Rxe2 46. Bxe2 {[%emt 0:00:01][%mdl 4096] Endgame. KBB-KBN} Nd6 47. Bd3 h4 48. b4 Nc8 49. a4 Ne7 50. Be4 f5 51. Bf3 g5 52. a5 h3+ 53. Kf1 Ba7 54. b5 g4 55. Bh1 {[%emt 0:00:11] [#] b6 would kill now.} Nc8 56. Bb7 {[%emt 0:00:09] White mates.} Nd6 57. Bd5+ Kf8 58. b6 Bb8 {[%emt 0:00:09] Weighted Error Value: White=0.15 (very precise) /Black=0.31.  Loses game:     	---       	Black=1      Mistake:       	White=1     	Black=2      Inaccurate:     	White=1     	---        OK:         	White=16    	Black=15     Best:        	White=4     	---} 1-0

[Event "1000 GM Labor Day Super Swiss 2024"]
[Site "San Jose"]
[Date "2024.09.01"]
[Round "4.16"]
[White "Karthi, Jashith"]
[Black "Atwell, Rose"]
[Result "0-1"]
[Annotator "TA"]
[ECO "D10"]
[WhiteElo "2066"]
[BlackElo "2208"]
[PlyCount "76"]
[EventDate "2024.08.30"]
[EventType "swiss"]
[EventCountry "USA"]
[SourceTitle "playchess.com"]
[Source "ChessBase"]
[SourceQuality "1"]
[TimeControl "5400+30"]

1. d4 d5 2. c4 dxc4 3. e4 b5 4. a4 c6 5. Nc3 b4 6. Nce2 {[%emt 0:02:36][%mdl 1024] White has compensation.} e6 7. Ng3 Ba6 8. Nf3 {[%emt 0:00:57] The position is equal.} c5 9. Be2 (9. Be3 $11 {might be stronger.}) 9... cxd4 10. Nxd4 Bc5 11. Be3 Nd7 12. O-O {[%emt 0:00:53] aiming for Nh5.} Qb6 (12... Rc8 $11) 13. Nh5 (13. a5 $14 Qb7 14. Rc1) 13... O-O-O $1 $36 {[%emt 0:07:10][%mdl 2048] White must now prevent ...Ne5. Black has the initiative.} 14. Nc2 $2 {[%emt 0:03:52] [#] Black continues to play with concentration.} (14. a5 $1 $11 {and White has nothing to worry.} Qc7 15. Qe1) 14... b3 $1 $19 15. Na3 Bxe3 16. fxe3 Qxe3+ 17. Kh1 {[%emt 0:00:53] [#]} Ne5 (17... Qxe4 $2 18. Qd6 Nb8 (18... Nb6 $2 19. Qc5+ Kb7 20. Rxf7+ Rd7 21. Bf3 $18) 19. Qc5+ Qc6 20. Qxa7 $18) 18. Qe1 Rd2 (18... Qxe4 19. Rc1 Bb7 20. Nf4 $15) 19. Nxc4 $2 (19. Ng3 {is the only way for White.}) 19... Bxc4 (19... Qxe2 20. Nxd2 Qxh5 21. Nf3 $11) 20. Bxc4 Nxc4 {[%emt 0:00:28] Excellent horsemanship.} 21. Qc1 Qxe4 22. Rf3 Nf6 23. Ng3 Qd5 24. Nf1 Rc2 25. Qf4 Rd8 26. Re1 Qd4 27. Qg3 Ne4 (27... Qxb2 28. Rxb3 Qd4 29. Rb8+ Kd7 30. Rb7+ Ke8 31. Qxg7 $11) 28. Rxe4 Qxe4 29. Rxb3 Qe5 30. Qf3 Qd5 {[%emt 0:00:05] Threatens to win with ...Qxf3.} ({Worse is} 30... Rxb2 31. Qb7#) 31. Qg3 Ne5 {[%emt 0:00:33] ...Qc4 is the strong threat.} 32. Rb5 Qd3 (32... Qc4 $142 33. Rb8+ Kxb8 34. Qxe5+ Ka8 35. Qe1 Rc1 (35... Rxb2 $2 36. h3 $19) 36. Qxc1 Qxc1 37. Kg1 Rd1 (37... Qxb2 {leads to mate.} 38. h3 Rd1 39. h4 Qd4+ 40. Kh2 Qf4+ 41. Kh3 Rd3+ 42. g3 Qxf1+ 43. Kh2 Rd2#) (37... Qc5+ 38. Kh1 Rd1 39. h4 Qe5 40. Kg1 Qf4 41. g4 Qg3+ 42. Kh1 Rxf1#) 38. Kf2 Qf4+ (38... Rxf1+ {gets mated.} 39. Kg3 Qg5+ 40. Kh3 Rg1 41. b4 Qxg2+ 42. Kh4 Qxh2#) 39. Ke2 Qxf1+ 40. Ke3 Rd3+ 41. Ke4 Qf5#) 33. Qf4 Rd4 {[%emt 0:00:20] Black mates.} 34. Rb8+ Kxb8 35. Qxe5+ Kb7 36. Qb5+ Qxb5 37. axb5 Rd1 38. Kg1 Rcc1 {[%emt 0:00:06] Weighted Error Value: White=1.17/Black=0.39.  Loses game:     	White=1     	---        Mistake:       	White=3     	Black=1      Inaccurate:     	White=1     	Black=1      OK:         	White=2     	Black=3      Best:        	White=1     	Black=2      Strong:       	---       	Black=2} 0-1

[Event "1000 GM Labor Day Super Swiss 2024"]
[Site "San Jose"]
[Date "2024.09.01"]
[Round "4.17"]
[White "Widjaja, Luke"]
[Black "Yan, Nathan"]
[Result "1/2-1/2"]
[Annotator "TA"]
[ECO "C54"]
[WhiteElo "2056"]
[BlackElo "2160"]
[PlyCount "67"]
[EventDate "2024.08.30"]
[EventType "swiss"]
[EventCountry "USA"]
[SourceTitle "playchess.com"]
[Source "ChessBase"]
[SourceQuality "1"]
[TimeControl "5400+30"]

1. e4 e5 2. Nf3 Nc6 3. Bc4 Bc5 4. c3 Nf6 5. d3 O-O 6. O-O d5 7. exd5 Nxd5 8. Re1 Bg4 9. h3 Bh5 10. b4 Be7 11. b5 Na5 12. Rxe5 Nf6 {[%emt 0:00:02] [#] ...Nxc4 would now be deadly.} 13. Nbd2 Bd6 14. Re1 Bf4 (14... Re8 $11) 15. Nf1 Bxc1 16. Rxc1 Nxc4 17. dxc4 Qxd1 18. Rcxd1 Bxf3 19. gxf3 Rfe8 20. Ne3 a6 21. a4 axb5 22. axb5 Ra3 23. Nd5 Rxe1+ 24. Rxe1 $11 {[%emt 0:00:04][%mdl 4096] [#] Endgame. Re7 is the strong threat. KRN-KRN} c6 25. bxc6 bxc6 26. Ne7+ Kf8 {[%emt 0:00:07] The position is equal.} 27. Re3 c5 28. Nd5 Nxd5 29. cxd5 {[%emt 0:00:05] KR-KR} c4 30. d6 {[%emt 0:02:18] Threatening Kg2.} Ra1+ 31. Kg2 {[%emt 0:00:04] Strongly threatening d7.} Rd1 32. Re4 Rxd6 33. Rxc4 Rd1 34. Rc7 {[%emt 0:00:48] Weighted Error Value: White=0.11 (very precise) /Black=0.06 (flawless) .  Mistake:       	---       	Black=1      Inaccurate:     	White=4     	Black=1      OK:         	White=8     	Black=14     Best:        	---       	Black=2} 1/2-1/2

[Event "1000 GM Labor Day Super Swiss 2024"]
[Site "San Jose"]
[Date "2024.09.01"]
[Round "4.18"]
[White "Bhatta, Rohit"]
[Black "Harish, Neeraj"]
[Result "1/2-1/2"]
[Annotator "TA"]
[ECO "E04"]
[WhiteElo "2025"]
[BlackElo "2118"]
[PlyCount "72"]
[EventDate "2024.08.30"]
[EventType "swiss"]
[EventCountry "USA"]
[SourceTitle "playchess.com"]
[Source "ChessBase"]
[SourceQuality "1"]
[TimeControl "5400+30"]

1. d4 Nf6 2. c4 e6 3. g3 d5 4. Bg2 dxc4 5. Nf3 a6 6. O-O Nc6 7. Nbd2 {[%emt 0:00:20][%mdl 1024] White has compensation.} b5 8. b3 c3 9. Nb1 {[%emt 0:00:17][%cal Of3e5] [#] Strongly threatening Ne5!} b4 {[%emt 0:00:12] ...Bb7 is the strong threat.} 10. a3 $1 Rb8 {[%emt 0:00:24] White must now prevent ...a5.} 11. axb4 Bxb4 12. Qd3 e5 {[%emt 0:00:31] aiming for ...e4.} 13. Nxc3 exd4 14. Na4 O-O 15. Bb2 Bg4 (15... Na5 {feels hotter.} 16. Nxd4 c5 17. Nc6 Nxc6 18. Bxc6 Qxd3 19. exd3 Bd7) 16. Nxd4 (16. Bxd4 $2 {too greedy.} Bxf3 17. exf3 Nxd4 $19 (17... Qxd4 $2 18. Qxa6 Na5 19. Rfd1 $19)) 16... Nxd4 17. Bxd4 {[%emt 0:00:54] [#]} Bxe2 $1 18. Qxe2 Qxd4 19. Qxa6 {[%emt 0:01:03] White is weak on the dark squares} Bd6 20. Rad1 Qb4 21. Rd3 Rfe8 22. Qc4 h5 23. Nb2 Re2 24. Qxb4 Bxb4 25. Nc4 Bc5 26. Bf3 Ra2 27. Ne5 Rb2 28. Nd7 Nxd7 29. Rxd7 Bb6 30. Bd5 Rf8 {[%emt 0:00:12] The position is equal.} 31. h4 g6 32. Bc4 Kg7 33. Kg2 Kf6 34. Kf3 Rc2 35. Kg2 Rb2 36. Kf3 Rc2 {[%emt 0:00:16] A balanced but interesting game.   Weighted Error Value: White=0.05 (flawless) /Black=0.04 (flawless) .  Inaccurate:     	White=3     	Black=2      OK:         	White=15    	Black=14     Strong:       	White=1     	---} 1/2-1/2

[Event "1000 GM Labor Day Super Swiss 2024"]
[Site "San Jose"]
[Date "2024.09.01"]
[Round "4.19"]
[White "Tang, Dylan"]
[Black "Angeles Mercado, Anthony R"]
[Result "1/2-1/2"]
[Annotator "TA"]
[ECO "B76"]
[WhiteElo "2092"]
[BlackElo "2083"]
[PlyCount "79"]
[EventDate "2024.08.30"]
[EventType "swiss"]
[EventCountry "USA"]
[SourceTitle "playchess.com"]
[Source "ChessBase"]
[SourceQuality "1"]
[TimeControl "5400+30"]

1. e4 c5 2. Nf3 d6 3. d4 cxd4 4. Nxd4 Nf6 5. Nc3 a6 6. Be2 g6 7. Be3 Bg7 8. Qd2 Nc6 9. O-O-O O-O 10. Kb1 Nxd4 11. Bxd4 Be6 12. f3 Qc7 13. h4 Rfc8 {[%emt 0:01:46] [#]} 14. h5 $1 Qa5 {[%emt 0:00:20][%cal Oc8c3] Strongly threatening ...Rxc3!} (14... Nxh5 $2 15. Bxg7 Kxg7 16. g4 $18) 15. hxg6 {[%emt 0:10:30] White is better.} hxg6 16. a3 b5 17. Qg5 Qc7 18. e5 {[%emt 0:05:01] White is more active.} (18. Rh4 $16) 18... dxe5 $14 19. Bxe5 Qc5 {[%emt 0:01:11][%mdl 8192] [#]} (19... Ne4 $14 20. Bxc7 (20. Nxe4 $2 {too greedy.} Qxc2+ 21. Ka1 Qb3 $19) 20... Nxg5) 20. Bxf6 $1 $18 exf6 ({Don't play} 20... Bxf6 21. Rd8+ Rxd8 22. Qxc5) 21. Qxc5 ({Only move:} 21. Rd8+ $1 $18 Rxd8 22. Qxc5) 21... Rxc5 $15 22. Bd3 f5 23. Ne2 Be5 24. c3 a5 25. Nd4 Bd7 {[%emt 0:00:51] This pair of bishops is nice.} (25... Bxd4 $17 26. cxd4 Rd5) 26. Rhe1 $11 Bf6 27. Nb3 Rc7 28. Bc2 b4 29. cxb4 (29. Nc5 $17 {might work better.} Rxc5 30. Rxd7) 29... axb4 $19 30. axb4 Rb8 31. Rd6 Kg7 32. Red1 {[%emt 0:03:41] [#]} Ba4 ({Black should play} 32... Bc8 $1 $19 33. Nd4 Rxb4) 33. Nd4 $17 Rxb4 34. Bxa4 Rxa4 35. Nc2 Rb7 36. b4 Rba7 (36... Bc3 $17 37. Rd7 Rb6) 37. Rd7 $11 Ra8 38. R7d3 Rb8 39. Rb3 Rb5 40. Rdd3 {[%emt 0:02:25] Quite a comeback for White.   Weighted Error Value: White=0.33/Black=0.53.  Loses game:     	---       	Black=1      Missed win:     	White=1     	---        Mistake:       	White=2     	Black=3      Inaccurate:     	White=3     	Black=2      OK:         	White=9     	Black=10     Best:        	White=1     	Black=4      Strong:       	White=1     	---        Brilliant:      	White=1     	---} 1/2-1/2